[Event "17th Prague Open 2018"]
[Site "Prague"]
[Date "2018.01.14"]
[Round "4"]
[White "Ustinov, Alexey"]
[Black "Melamed, Tatjana"]
[Result "1/2-1/2"]
[ECO "E73"]
[WhiteElo "2240"]
[BlackElo "2347"]
[Annotator "ChessBase"]
[PlyCount "34"]
[EventDate "2018.??.??"]
[EventType "swiss"]
[EventCountry "CZE"]
[SourceTitle "playchess.com"]
[Source "ChessBase"]
[SourceQuality "1"]
[TimeControl "40/5400+30:1800+30"]

1. c4 Nf6 2. Nc3 g6 3. d4 Bg7 4. e4 d6 5. Be2 O-O 6. Be3 e5 7. d5 Na6 8. g4 Nc5 9. f3 c6 10. h4 cxd5 11. cxd5 Qb6 12. Qd2 Bd7 13. h5 Qa5 14. h6 Bh8 15. Nb5 Qxd2+ 16. Bxd2 Ne8 17. Nc3 Bf6 1/2-1/2

[Event "17th Prague Open 2018"]
[Site "Prague"]
[Date "2018.01.14"]
[Round "4"]
[White "Raahul V S"]
[Black "Thakur, Akash"]
[Result "1-0"]
[ECO "A22"]
[WhiteElo "2205"]
[BlackElo "2338"]
[Annotator "ChessBase"]
[PlyCount "53"]
[EventDate "2018.??.??"]
[EventType "swiss"]
[EventCountry "CZE"]
[SourceTitle "playchess.com"]
[Source "ChessBase"]
[SourceQuality "1"]
[TimeControl "40/5400+30:1800+30"]

1. c4 Nf6 2. Nc3 e5 3. g3 d6 4. Nf3 Nbd7 5. d4 Be7 6. Bg2 O-O 7. O-O c6 8. Qc2 Re8 9. b3 Qc7 10. Bb2 Bf8 11. Rac1 a6 12. Rfd1 Qb8 13. e3 e4 14. Ng5 d5 15. cxd5 cxd5 16. Nxd5 Nxd5 17. Bxe4 Rxe4 18. Nxe4 Be7 19. Nc3 Nb4 20. Qe4 Qd6 21. d5 Ne5 22. Ne2 Bf6 23. Bxe5 Bxe5 24. a3 Na2 25. Rc2 f5 26. Qc4 Qxa3 27. d6+ 1-0

[Event "17th Prague Open 2018"]
[Site "Prague"]
[Date "2018.01.14"]
[Round "4"]
[White "Parnali, S Dharia"]
[Black "Mishuchkov, Nikolai M"]
[Result "1/2-1/2"]
[ECO "E04"]
[WhiteElo "2082"]
[BlackElo "2303"]
[Annotator "ChessBase"]
[PlyCount "114"]
[EventDate "2018.??.??"]
[EventType "swiss"]
[EventCountry "CZE"]
[SourceTitle "playchess.com"]
[Source "ChessBase"]
[SourceQuality "1"]
[TimeControl "40/5400+30:1800+30"]

1. d4 Nf6 2. c4 e6 3. g3 d5 4. Nf3 dxc4 5. Bg2 Bd7 6. Ne5 Bc6 7. Nxc6 Nxc6 8. O-O Qd7 9. Be3 Nd5 10. Nd2 Na5 11. Qc2 Qb5 12. a4 Qb4 13. Rfc1 Nxe3 14. fxe3 Be7 15. Ra3 O-O 16. Rc3 Bg5 17. Rd1 c6 18. Kf2 Qe7 19. Nxc4 Nxc4 20. Rxc4 Qf6+ 21. Bf3 Qh6 22. Kg2 Bxe3 23. Qb3 Rad8 24. Rd3 b5 25. axb5 cxb5 26. Qxb5 Rb8 27. Qe5 Bg5 28. b3 Bd2 29. Rc6 Qg5 30. Qxg5 Bxg5 31. Ra6 Rfd8 32. Rxa7 Rb4 33. Ra8 Kf8 34. Rxd8+ Bxd8 35. Bc6 Bb6 36. d5 exd5 37. Bxd5 Rd4 38. Rxd4 Bxd4 39. Kf3 Ke7 40. Ke4 Bc5 41. Bc4 Bd6 42. Kd5 h5 43. e4 f6 44. Be2 h4 45. gxh4 Bxh2 46. Kc6 Bd6 47. h5 Ba3 48. Bg4 Kd8 49. Bf5 Ke7 50. Kd5 Bd6 51. Kc4 Ba3 52. b4 Kd6 53. Kb5 Kc7 54. Kc5 Kb7 55. Kc4 Kb6 56. Bd7 Bc1 57. Kd5 Bh6 1/2-1/2

[Event "17th Prague Open 2018"]
[Site "Prague"]
[Date "2018.01.15"]
[Round "5"]
[White "Kulkarni Bhakti"]
[Black "Lindbol, Aleksander"]
[Result "1-0"]
[ECO "B10"]
[WhiteElo "2306"]
[BlackElo "2146"]
[Annotator "RC"]
[PlyCount "45"]
[EventDate "2018.??.??"]
[EventType "swiss"]
[EventCountry "CZE"]
[SourceTitle "playchess.com"]
[Source "ChessBase"]
[SourceQuality "1"]
[TimeControl "40/5400+30:1800+30"]

1. e4 c6 2. c4 d5 3. exd5 cxd5 4. cxd5 Nf6 5. Qa4+ Nbd7 6. Nc3 g6 7. Nf3 Bg7 8. Bc4 O-O 9. d3 a6 10. Qa3 Nb6 11. Qb3 Bf5 12. O-O Rc8 13. Be3 Nxc4 14. dxc4 Bd3 15. Rfd1 Bxc4 16. Qxb7 Qd6 17. Qb6 Nd7 18. Qxd6 exd6 19. Bd4 Rfe8 20. Bxg7 Kxg7 21. Rd4 Be2 22. Nd2 a5 23. Nde4 1-0

[Event "17th Prague Open 2018"]
[Site "Prague"]
[Date "2018.01.15"]
[Round "5"]
[White "Mishuchkov, Nikolai M"]
[Black "Tarun V Kanth"]
[Result "1/2-1/2"]
[ECO "A46"]
[WhiteElo "2303"]
[BlackElo "2077"]
[Annotator "NA RC"]
[PlyCount "47"]
[EventDate "2018.??.??"]
[EventType "swiss"]
[EventCountry "CZE"]
[SourceTitle "playchess.com"]
[Source "ChessBase"]
[SourceQuality "1"]
[TimeControl "40/5400+30:1800+30"]

1. d4 Nf6 2. Nf3 e6 3. c4 d5 4. e3 Be7 5. Bd3 O-O 6. O-O b6 7. b3 Bb7 8. Bb2 Nbd7 {[%emt 0:00:37] E14: Queen's Indian: Classical Variation (4 e3)} 9. cxd5 (9. Nbd2 c5 10. Rc1 Rc8 11. Qe2 cxd4 12. Nxd4 dxc4 13. Nxc4 Rc5 14. Rfd1 Qa8 15. f3 Re8 16. Ba3 Rxc4 17. Rxc4 Bxa3 18. Nb5 {1-0 (62) Nakamura,H (2785)-Karjakin,S (2781) Paris 2017}) 9... Nxd5 10. Nc3 N7f6 $146 ({Predecessor:} 10... c5 11. Nxd5 exd5 12. Rc1 Rc8 13. Ne5 Nxe5 14. dxe5 Rc6 15. Qe2 Rh6 16. e4 d4 17. f4 Qb8 18. Rc2 Kh8 19. Bc1 Rc6 {0-1 (78) Sliwa,B (2280)-Kasperek,W (2220) Myslenice 1988}) 11. Qe2 Nxc3 12. Bxc3 Qd5 13. Ba6 Ne4 14. Bb2 Rfd8 15. Bxb7 Qxb7 16. Rfd1 Rac8 17. Ne5 c5 18. dxc5 Nxc5 19. Qf3 Qxf3 20. gxf3 f6 21. Rxd8+ Bxd8 22. Nc4 Be7 $11 23. Rd1 Rd8 24. Rxd8+ 1/2-1/2

[Event "17th Prague Open 2018"]
[Site "Prague"]
[Date "2018.01.18"]
[Round "8"]
[White "Moehn, Hans"]
[Black "Levitskiy, Andrey"]
[Result "1-0"]
[ECO "A46"]
[WhiteElo "2378"]
[BlackElo "2155"]
[Annotator "ChessBase"]
[PlyCount "161"]
[EventDate "2018.??.??"]
[EventType "swiss"]
[EventCountry "CZE"]
[SourceTitle "playchess.com"]
[Source "ChessBase"]
[SourceQuality "1"]
[TimeControl "40/5400+30:1800+30"]

1. d4 Nf6 2. Nf3 e6 3. g3 b5 4. Bg2 d5 5. b3 Bb7 6. c4 c5 7. cxb5 Qa5+ 8. Bd2 Qxb5 9. Nc3 Qa6 10. O-O Nbd7 11. e3 Be7 12. Na4 Ne4 13. dxc5 Ndxc5 14. Nxc5 Bxc5 15. Bc1 O-O 16. Bb2 Ba3 17. Bxa3 Qxa3 18. Qc1 Qxc1 19. Rfxc1 Rfc8 20. Nd4 Nd6 21. f4 Kf8 22. Bf1 Ke7 23. b4 Rxc1 24. Rxc1 Rc8 25. Rxc8 Nxc8 26. Kf2 Nd6 27. Bd3 h6 28. a4 Kd7 29. Ke1 Kc7 30. Kd2 Bc8 31. Kc3 Bd7 32. b5 f6 33. Nf3 Nb7 34. Kb4 Kd6 35. a5 Nc5 36. Be2 Bc8 37. Nd4 Bd7 38. Nf3 Bc8 39. Nd4 Bd7 40. a6 e5 41. fxe5+ fxe5 42. Nf3 Bc8 43. Nd2 Bd7 44. Bf1 Bc8 45. Nb1 Bd7 46. Nc3 d4 47. exd4 exd4 48. Nb1 d3 49. Nd2 Kd5 50. Bg2+ Kd4 51. Nf3+ Kd5 52. Nd2+ Kd4 53. Nf3+ Kd5 54. b6 Nxa6+ 55. Ka5 axb6+ 56. Kxa6 Ke4 57. Kxb6 Ke3 58. Ne5 d2 59. Nc4+ Ke2 60. Nxd2 Kxd2 61. Kc7 Bf5 62. Kd6 Ke3 63. Ke5 g6 64. Bd5 Kf2 65. Kf4 Kg1 66. h4 h5 67. Bf3 Kh2 68. Bxh5 Kh3 69. Be2 Bc2 70. Bf1+ Kh2 71. Bb5 Kh3 72. Bd7+ Kg2 73. g4 Kh3 74. Kg5 Kg3 75. h5 gxh5 76. gxh5 Bh7 77. Bf5 Bg8 78. h6 Kf3 79. Kf6 Kf4 80. Kg7 Kg5 81. Be6 1-0

[Event "17th Prague Open 2018"]
[Site "Prague"]
[Date "2018.01.18"]
[Round "8"]
[White "Liu, Yi"]
[Black "Storme, Isak"]
[Result "1/2-1/2"]
[ECO "A46"]
[WhiteElo "2337"]
[BlackElo "2171"]
[Annotator "NA"]
[PlyCount "74"]
[EventDate "2018.??.??"]
[EventType "swiss"]
[EventCountry "CZE"]
[SourceTitle "playchess.com"]
[Source "ChessBase"]
[SourceQuality "1"]
[TimeControl "40/5400+30:1800+30"]

1. d4 Nf6 2. Nf3 e6 3. c4 c5 4. e3 cxd4 5. exd4 d5 6. Nc3 Bb4 7. Bd3 O-O 8. O-O dxc4 9. Bxc4 b6 10. Bg5 Bxc3 11. bxc3 Bb7 12. Bd3 Nbd7 13. Qe2 {[%emt 0:02:32] LiveBook: 68 Games} Qc7 14. c4 h6 15. Bh4 $11 Nh5 16. Qe3 Qf4 17. Be2 g5 18. Bg3 Nxg3 19. hxg3 Qxe3 20. fxe3 Kg7 21. a4 Nf6 22. Nd2 Ne4 23. Nxe4 Bxe4 24. a5 bxa5 25. Rxa5 Rfb8 26. Rfa1 Rb2 27. R1a2 Rxa2 28. Rxa2 a5 29. Bf3 Bxf3 30. gxf3 f5 31. g4 Kf6 32. e4 fxg4 33. fxg4 Rd8 34. Rd2 Rc8 35. Rc2 Rd8 36. Rd2 Rc8 37. Rc2 Rd8 1/2-1/2

[Event "17th Prague Open 2018"]
[Site "Prague"]
[Date "2018.01.18"]
[Round "8"]
[White "Pushkov, Nikolai"]
[Black "Melamed, Tatjana"]
[Result "1-0"]
[ECO "E11"]
[WhiteElo "2298"]
[BlackElo "2347"]
[Annotator "NA"]
[PlyCount "88"]
[EventDate "2018.??.??"]
[EventType "swiss"]
[EventCountry "CZE"]
[SourceTitle "playchess.com"]
[Source "ChessBase"]
[SourceQuality "1"]
[TimeControl "40/5400+30:1800+30"]

1. Nf3 Nf6 2. c4 e6 3. d4 Bb4+ 4. Bd2 Be7 5. Nc3 d5 6. e3 O-O 7. Qc2 c5 8. dxc5 Bxc5 9. cxd5 exd5 10. Nb5 Ne4 11. Bd3 Qe7 12. Rc1 Na6 13. O-O Bg4 14. Bxe4 dxe4 15. Nfd4 Bb6 16. h3 Bd7 17. Nc3 $15 Rfe8 18. Nd5 Qg5 19. Nf4 Nc5 20. b4 Nd3 21. h4 Qxh4 22. Nxd3 exd3 23. Qxd3 Rad8 24. Bc3 Bc6 25. Rfd1 Bc7 26. Qf5 Qh2+ 27. Kf1 Qxg2+ 28. Ke2 Be4 29. Rg1 Qxg1 30. Rxg1 Bxf5 31. Nxf5 g6 32. Nh6+ Kf8 33. Ng4 f5 34. Nf6 Re7 35. Rh1 h5 36. Rg1 Kf7 37. Nh7 Be5 38. Ng5+ Kf6 39. Bxe5+ Rxe5 40. f4 Ree8 41. Nf3 Re4 42. a3 Rde8 43. Ne5 R4xe5 44. fxe5+ Rxe5 1-0

[Event "17th Prague Open 2018"]
[Site "Prague"]
[Date "2018.01.18"]
[Round "8"]
[White "Michalczak, Thomas"]
[Black "Szpar, Milosz"]
[Result "1/2-1/2"]
[ECO "C41"]
[WhiteElo "2208"]
[BlackElo "2367"]
[Annotator "NA"]
[PlyCount "53"]
[EventDate "2018.??.??"]
[EventType "swiss"]
[EventCountry "CZE"]
[SourceTitle "playchess.com"]
[Source "ChessBase"]
[SourceQuality "1"]
[TimeControl "40/5400+30:1800+30"]

1. e4 d6 2. d4 Nf6 3. Nc3 e5 4. Nf3 Nbd7 5. Bc4 Be7 6. O-O O-O 7. a4 c6 8. Re1 b6 9. Ba2 a6 10. h3 Bb7 11. dxe5 dxe5 12. Nh4 Nc5 13. Qf3 Ne6 14. Nf5 Qc7 15. Qg3 Bd8 (15... Bc5 $14) 16. Bh6 (16. a5 $16) 16... Nh5 17. Qf3 Nhf4 18. Qg4 Bf6 $14 19. h4 Kh8 20. Bg5 h5 21. Qg3 Bxg5 22. hxg5 g6 23. Qh4 Qd8 24. Rad1 Qxg5 25. Qxg5 Nxg5 26. Nd6 Bc8 27. Nc4 1/2-1/2

[Event "17th Prague Open 2018"]
[Site "Prague"]
[Date "2018.01.18"]
[Round "8"]
[White "Utiatskaja, Irina"]
[Black "Thakur, Akash"]
[Result "0-1"]
[ECO "C48"]
[WhiteElo "2164"]
[BlackElo "2338"]
[Annotator "NA"]
[PlyCount "90"]
[EventDate "2018.??.??"]
[EventType "swiss"]
[EventCountry "CZE"]
[SourceTitle "playchess.com"]
[Source "ChessBase"]
[SourceQuality "1"]
[TimeControl "40/5400+30:1800+30"]

1. e4 e5 2. Nf3 Nc6 3. Nc3 Nf6 4. Bb5 Bd6 5. d3 h6 {[%emt 0:00:40] C48: Four Knights: 4 Bb5, replies other than 4...Bb4} 6. a3 (6. Ne2 a6 7. Ba4 b5 8. Bb3 Na5 9. d4 Nxb3 10. axb3 Nxe4 11. dxe5 Bc5 12. Qd5 Bxf2+ 13. Kf1 {½-½ (49) Inarkiev,E (2689)-Svidler,P (2765) St Petersburg 2017}) 6... O-O 7. g4 Nh7 {[%emt 0:19:45] LiveBook: 7 Games} ({Don't play} 7... Nxg4 $6 8. Rg1 $16) (7... Nd4 $11 {remains equal.}) 8. Be3 a6 9. Bc4 $146 ({Predecessor:} 9. Ba4 b5 10. Bb3 Be7 11. h4 Na5 12. g5 Nxb3 13. cxb3 {1-0 (33) Kadric,D (2511)-Marholev,D (2317) Paracin 2015}) 9... b5 10. Ba2 b4 11. axb4 Nxb4 {[%emt 0:00:11] [#]} 12. Bb3 $1 Qe7 (12... Nc6 $142 13. h4 Kh8) 13. h4 Bc5 14. g5 Bxe3 15. fxe3 Kh8 16. gxh6 gxh6 17. Qe2 d6 $16 18. Kd2 Be6 19. Bxe6 Qxe6 20. Ng5 hxg5 21. hxg5 Rg8 22. Rh6 Rg6 23. Rah1 Rxh6 24. Rxh6 Qe8 25. Qh5 Qg8 26. Ne2 Re8 27. Ng3 Nc6 28. c3 Nd8 29. Nf5 Re6 30. d4 Rxh6 31. gxh6 Qg2+ 32. Kd3 Qxe4+ 33. Kxe4 Nf6+ 34. Kf3 Nxh5 35. dxe5 dxe5 36. Ke4 Nf6+ 37. Kxe5 Ng8 38. b4 Kh7 39. c4 Nxh6 40. Ne7 Ng4+ 41. Kf4 Nf6 42. Kf5 Kg7 43. e4 Nd7 44. e5 Kf8 45. Nc8 Nb6 0-1

[Event "17th Prague Open 2018"]
[Site "Prague"]
[Date "2018.01.18"]
[Round "8"]
[White "Krivanek, Vladimir"]
[Black "Lee, Jun Hyeok"]
[Result "1/2-1/2"]
[ECO "A45"]
[WhiteElo "2076"]
[BlackElo "2305"]
[Annotator "ChessBase"]
[PlyCount "154"]
[EventDate "2018.??.??"]
[EventType "swiss"]
[EventCountry "CZE"]
[SourceTitle "playchess.com"]
[Source "ChessBase"]
[SourceQuality "1"]
[TimeControl "40/5400+30:1800+30"]

1. d4 Nf6 2. Bg5 Ne4 3. Bf4 d5 4. Nd2 Bf5 5. Nxe4 Bxe4 6. Nf3 e6 7. e3 Bd6 8. Bg3 c5 9. Nd2 Bg6 10. dxc5 Bxc5 11. Bxb8 Qxb8 12. Bb5+ Ke7 13. Nb3 Bd6 14. h4 Qc7 15. c3 Qb6 16. Be2 Be5 17. Qd2 h5 18. Bd3 Rh6 19. Bxg6 Rxg6 20. g3 Rc8 21. O-O-O Rg4 22. f4 Bd6 23. Rhg1 Rc4 24. Kb1 Bc5 25. Nd4 Bxd4 26. exd4 g6 27. Qe3 Qa5 28. Rg2 Rc6 29. Rc2 b5 30. Rdc1 Qd8 31. Qd3 a6 32. b3 Rd6 33. Qe3 Qh8 34. Rd1 Qf6 35. Kb2 Qf5 36. Re2 Rc6 37. Rd3 Kf8 38. Qd2 Qf6 39. Rde3 Qd8 40. Re1 a5 41. Qe2 Qb6 42. Rd3 Qa6 43. Rf3 Kg8 44. Rc1 Qb6 45. Qe5 a4 46. bxa4 Rc8 47. Ka1 bxa4 48. Rb1 Qa6 49. Qe3 Qd6 50. Qd2 a3 51. Qc1 Qa6 52. Qd1 Ra8 53. Rb4 Qc8 54. Re3 Qc6 55. Kb1 Kg7 56. Kc1 Qc7 57. Kd2 Rb8 58. Qb3 Ra8 59. Rb7 Qd8 60. Qb4 Qf6 61. Qd6 Kg8 62. Qc7 Qf5 63. Re5 Qf6 64. Re3 Qf5 65. Rb8+ Rxb8 66. Qxb8+ Kg7 67. Re5 Qf6 68. Rg5 Rxg5 69. hxg5 Qe7 70. Kc2 f6 71. gxf6+ Kxf6 72. Qe5+ Kf7 73. Kb3 Qb7+ 74. Kxa3 Qa6+ 75. Kb3 Qb5+ 76. Kc2 Qa4+ 77. Kb2 Qb5+ 1/2-1/2

[Event "17th Prague Open 2018"]
[Site "Prague"]
[Date "2018.01.19"]
[Round "9"]
[White "Akshat, Khamparia"]
[Black "Schippers, Maurice"]
[Result "1-0"]
[ECO "A61"]
[WhiteElo "2381"]
[BlackElo "2309"]
[Annotator "NA"]
[PlyCount "141"]
[EventDate "2018.??.??"]
[EventType "swiss"]
[EventCountry "CZE"]
[SourceTitle "playchess.com"]
[Source "ChessBase"]
[SourceQuality "1"]
[TimeControl "40/5400+30:1800+30"]

1. d4 Nf6 2. c4 c5 3. d5 e6 4. Nc3 exd5 5. cxd5 d6 6. Nf3 {[%emt 0:00:36] LiveBook: 7759 Games} g6 7. Bf4 a6 8. a4 Bg7 9. h3 O-O 10. e3 Qe7 {[%emt 0:02:47] A61: Modern Benoni: Nf3 without early e4} 11. Be2 Nbd7 12. O-O Rb8 13. Nd2 Ne5 14. Bh2 {[%emt 0:02:41] [#]} Bd7 $146 ({Find the theoretical novelty and annotate with similar games:} 14... Ne8 15. f4 Nd3 16. e4 Bd4+ 17. Kh1 {0-1 (37) Bocharov,D (2609)-Inarkiev,E (2686) Apatity 2011}) 15. Re1 b5 16. f4 Nc4 17. Bxc4 bxc4 18. e4 Rxb2 19. e5 Ne8 20. Nxc4 Rb4 21. Qe2 g5 22. fxg5 Bf5 $16 23. Ra3 Qxg5 24. Na2 Rb1 25. Rxb1 Bxb1 26. Rg3 Qe7 27. Nc3 Bg6 28. exd6 Bd4+ 29. Kh1 Qd8 30. Qe7 Ng7 31. Rf3 Nf5 32. Qxd8 Rxd8 33. Ne2 Bg7 34. Rb3 Nd4 35. Nxd4 cxd4 36. d7 Bf6 37. Rb8 Bf5 38. Rb6 Kg7 39. Nd6 Bxd7 40. Ne4 Be7 41. Be5+ f6 42. Bxd4 Bxa4 43. Rxa6 Bc2 44. Ra7 Rxd5 45. Rxe7+ Kf8 46. Bxf6 Rf5 47. Bh4 Rh5 48. Bf6 Rf5 49. Rxh7 Bxe4 50. Rh8+ Kf7 51. Bh4 Rc5 52. Bf2 Rc2 53. Rh4 Bc6 54. Rf4+ Ke6 55. Kh2 Ra2 56. h4 Ke5 57. Rf8 Be4 58. g4 Ra3 59. Bg3+ Ke6 60. h5 Bf3 61. Kh3 Bd1 62. h6 Bc2 63. Kh4 Ke7 64. Rf2 Bb1 65. Rb2 Bg6 66. Rb7+ Kf6 67. h7 Ra8 68. Be1 Be4 69. Bc3+ Kg6 70. Rg7+ Kh6 71. g5# 1-0

[Event "17th Prague Open 2018"]
[Site "Prague"]
[Date "2018.01.19"]
[Round "9"]
[White "Mihajlov, Sebastian"]
[Black "Harshini A"]
[Result "1-0"]
[ECO "D86"]
[WhiteElo "2371"]
[BlackElo "2185"]
[Annotator "NA"]
[PlyCount "57"]
[EventDate "2018.??.??"]
[EventType "swiss"]
[EventCountry "CZE"]
[SourceTitle "playchess.com"]
[Source "ChessBase"]
[SourceQuality "1"]
[TimeControl "40/5400+30:1800+30"]

1. d4 Nf6 2. c4 g6 3. Nc3 d5 4. cxd5 Nxd5 5. e4 Nxc3 6. bxc3 Bg7 7. Bc4 c5 8. Ne2 O-O 9. O-O Nc6 10. Be3 Qc7 11. Rc1 b6 12. Qd2 Bb7 {[%emt 0:02:12] LiveBook: 39 Partien D87: Exchange Grünfeld: Classical Line: Variations without ...cxd4} 13. Rfd1 (13. Bh6 e6 14. Bxg7 Kxg7 15. Qe3 Rfd8 16. f4 Qe7 17. Qf2 f5 18. Bd3 fxe4 19. Bxe4 Nxd4 20. cxd4 Bxe4 21. dxc5 bxc5 22. Rxc5 {0-1 (34) Bacrot,E (2706)-Vachier Lagrave,M (2682) Nancy 2012}) 13... Rad8 14. Bf4 e5 15. Bg5 Rd6 $146 ({Predecessor:} 15... Rd7 16. d5 Na5 17. Bb5 Rd6 18. c4 f6 19. Bh4 Bc8 20. Bg3 {½-½ (30) Demeter,J (2006)-Krykun,Y (2351) Corund 2017}) 16. Bd5 Rd7 17. dxc5 bxc5 18. Qe3 Na5 19. c4 Ba6 20. Rd3 Rb8 21. h4 Rb4 22. Qd2 Bc8 23. h5 Nc6 24. Bh6 Ne7 25. hxg6 hxg6 $18 26. Rh3 Rxd5 27. cxd5 Bxh3 28. Bxg7 Kxg7 29. Qxb4 1-0

[Event "17th Prague Open 2018"]
[Site "Prague"]
[Date "2018.01.19"]
[Round "9"]
[White "Szpar, Milosz"]
[Black "Krivanek, Vladimir"]
[Result "1-0"]
[ECO "B00"]
[WhiteElo "2367"]
[BlackElo "2076"]
[Annotator "NA"]
[PlyCount "95"]
[EventDate "2018.??.??"]
[EventType "swiss"]
[EventCountry "CZE"]
[SourceTitle "playchess.com"]
[Source "ChessBase"]
[SourceQuality "1"]
[TimeControl "40/5400+30:1800+30"]

1. e4 b6 2. d4 Bb7 3. Nc3 e6 4. Nf3 Bb4 5. Bd3 Nf6 6. Qe2 d5 7. e5 {[%emt 0:07:06] B00: Damenfianchetto, Nimzowitsch-Verteidigung} (7. exd5 Qxd5 8. O-O Bxc3 9. bxc3 Nbd7 10. c4 Qh5 11. Bf4 Rc8 12. a4 a5 13. Rab1 O-O 14. Rb5 c5 15. dxc5 Rxc5 {0-1 (29) Eljanov,P (2734)-Carlsen,M (2827) Douglas 2017}) 7... Ne4 8. O-O Bxc3 9. bxc3 Nxc3 10. Qe3 h6 11. Nd2 Qd7 $146 ({Vorgänger:} 11... Nd7 12. a4 c5 13. Bb2 cxd4 14. Qxd4 Ne4 15. Nxe4 dxe4 16. Bb5 a6 17. Bxd7+ Qxd7 18. Qxb6 O-O 19. Ba3 Rfc8 20. Rfc1 Bd5 {½-½ (20) Cichonski,B (2067)-Buckley,G (1934) Gonzaga 2013}) 12. f4 g6 13. Bb2 Na4 14. Ba3 a6 (14... Nc3 $11) 15. c4 dxc4 16. Ne4 ({Doch nicht} 16. Nxc4 $6 Nc3 $15) 16... Bxe4 17. Bxe4 Nc6 18. Rad1 O-O-O 19. d5 Ne7 20. dxe6 Qxe6 21. Qf3 Kb8 22. Bc2 b5 23. Bxa4 Nd5 (23... Qb6+ $16 {kämpft weiter.} 24. Qf2 Qxf2+ 25. Rxf2 Nf5) 24. Bc2 Qb6+ {[%emt 0:00:42] [#]} 25. Kh1 $15 (25. Qf2 $1 $16) 25... Ne3 26. Qf2 Nxd1 27. Qxb6+ cxb6 28. Rxd1 Rxd1+ 29. Bxd1 a5 30. Bd6+ Ka7 31. Kg1 b4 32. Kf2 Rc8 33. Ke2 b5 34. Bc2 Kb6 35. g4 h5 36. g5 c3 37. Kd3 Rc4 38. Bb3 Kc6 39. Bxc4 bxc4+ 40. Kc2 Kb5 41. f5 Kc6 42. Bf8 Kd7 43. e6+ Ke8 44. fxg6 fxg6 45. Bd6 Kd8 46. a4 Kc8 47. Bxb4 axb4 48. a5 1-0

[Event "17th Prague Open 2018"]
[Site "Prague"]
[Date "2018.01.19"]
[Round "9"]
[White "Nitish Belurkar"]
[Black "Moehn, Hans"]
[Result "1-0"]
[ECO "B01"]
[WhiteElo "2270"]
[BlackElo "2378"]
[Annotator "NA"]
[PlyCount "57"]
[EventDate "2018.??.??"]
[EventType "swiss"]
[EventCountry "CZE"]
[SourceTitle "playchess.com"]
[Source "ChessBase"]
[SourceQuality "1"]
[TimeControl "40/5400+30:1800+30"]

1. e4 d5 2. exd5 Qxd5 3. d4 Nf6 4. Nf3 Bg4 5. Be2 c6 6. O-O g6 7. h3 Bxf3 8. Bxf3 Qd8 9. c4 Bg7 10. Nc3 O-O 11. Bf4 Ne8 12. d5 (12. Qb3 $16 Qxd4 13. Qxb7 Qxf4 14. Qxa8) 12... Nd6 $16 13. Qb3 c5 14. Nb5 b6 15. Rfe1 a6 16. Nxd6 exd6 17. Re2 Qf6 18. Qe3 h6 19. Bg4 Kh7 20. Qg3 Rd8 21. Rae1 a5 22. Re7 h5 23. Bf3 Rd7 24. Re8 Bh6 25. Bxh6 Kxh6 26. Rf8 Qxb2 27. Qf4+ Kg7 28. Ree8 a4 29. Rh8 1-0

[Event "17th Prague Open 2018"]
[Site "Prague"]
[Date "2018.01.19"]
[Round "9"]
[White "Makoveev, Ilya"]
[Black "Jablonicky, Martin"]
[Result "1-0"]
[ECO "B06"]
[WhiteElo "2196"]
[BlackElo "2330"]
[Annotator "NA"]
[PlyCount "35"]
[EventDate "2018.??.??"]
[EventType "swiss"]
[EventCountry "CZE"]
[SourceTitle "playchess.com"]
[Source "ChessBase"]
[SourceQuality "1"]
[TimeControl "40/5400+30:1800+30"]

1. e4 g6 2. d4 Bg7 3. Nc3 d6 4. Nf3 Bg4 5. Be3 Nc6 6. d5 Ne5 7. Be2 Nxf3+ 8. gxf3 Bd7 9. Qd2 Nf6 $11 10. O-O-O c6 11. Kb1 Qa5 12. Bh6 O-O 13. h4 Rfe8 14. Bxg7 Kxg7 15. h5 Nxh5 16. Rdg1 Kh8 17. Qh6 Nf6 18. e5 1-0

[Event "17th Prague Open 2018"]
[Site "Prague"]
[Date "2018.01.19"]
[Round "9"]
[White "Solozhenkina, Elizaveta"]
[Black "Liu, Yi"]
[Result "0-1"]
[ECO "C11"]
[WhiteElo "2190"]
[BlackElo "2337"]
[Annotator "NA"]
[PlyCount "86"]
[EventDate "2018.??.??"]
[EventType "swiss"]
[EventCountry "CZE"]
[SourceTitle "playchess.com"]
[Source "ChessBase"]
[SourceQuality "1"]
[TimeControl "40/5400+30:1800+30"]

1. e4 e6 2. d4 d5 3. Nc3 Nf6 4. e5 Nfd7 5. f4 c5 6. Nf3 Nc6 7. Be3 cxd4 8. Nxd4 Bc5 9. Qd2 O-O 10. O-O-O a6 11. Qf2 Bxd4 12. Bxd4 b5 13. Be3 {[%emt 0:00:11] C11: French: Classical System: 4 e5 and 4 Bg5 dxe4} Qa5 14. Kb1 b4 15. Ne2 Qc7 16. Nd4 Nxd4 {[%emt 0:00:46] LiveBook: 19 Games} 17. Bxd4 a5 18. Bb5 Ba6 19. Bxd7 Qxd7 20. g4 a4 {[%emt 0:01:44] [#]} 21. f5 $146 b3 22. cxb3 axb3 23. a3 Rfc8 24. f6 Qc6 25. Rd2 Rc7 26. Re1 Rac8 27. Bc3 {[%emt 0:00:07] [#]} Qa4 $1 28. Qe3 Rxc3 29. bxc3 Qxa3 30. Rb2 Ra8 $19 31. Kc1 gxf6 32. exf6 Kh8 33. g5 Bc4 34. Qd2 Qd6 35. Qf2 Ra1+ 36. Rb1 Ra2 37. Qg3 Qxg3 38. hxg3 Rg2 39. Rh1 e5 40. Rh3 Rc2+ 41. Kd1 Be2+ 42. Ke1 b2 43. Rh1 Bd3 0-1

[Event "17th Prague Open 2018"]
[Site "Prague"]
[Date "2018.01.19"]
[Round "9"]
[White "Storme, Isak"]
[Black "Kaasen, Tor Fredrik"]
[Result "0-1"]
[ECO "E81"]
[WhiteElo "2171"]
[BlackElo "2340"]
[Annotator "NA"]
[PlyCount "106"]
[EventDate "2018.??.??"]
[EventType "swiss"]
[EventCountry "CZE"]
[SourceTitle "playchess.com"]
[Source "ChessBase"]
[SourceQuality "1"]
[TimeControl "40/5400+30:1800+30"]

1. d4 Nf6 2. c4 g6 3. Nc3 Bg7 4. e4 d6 5. f3 O-O 6. Be3 c6 7. Qd2 Nbd7 8. Nge2 a6 9. g4 e5 10. d5 cxd5 11. cxd5 b5 {[%emt 0:00:40] E89: King's Indian: Sämisch: 6...e5 7 d5 c6 8 Nge2 cxd5} (11... h5 12. g5 Nh7 13. Nc1 f6 14. gxf6 Rxf6 15. Be2 Nc5 16. b4 Nd7 17. Nb3 Rf4 18. O-O-O Qf6 19. Kb1 Ng5 20. Bxf4 exf4 {1-0 (44) Bocharov,D (2602)-Fedorov,A (2565) Voronezh 2016}) 12. a3 Rb8 $146 (12... Nc5 $11 13. Qc2 Bd7) ({Find the theoretical novelty and annotate with similar games:} 12... Nb6 13. Ng3 Nfd7 14. h4 Nc5 15. Bxc5 dxc5 16. h5 Bf6 17. hxg6 fxg6 18. Qh2 Ra7 {0-1 (53) Takeda,L-Feliciano Ebert,V (2156) Santos 2010}) 13. Ng3 Nc5 14. Qc2 Qc7 (14... Na4 $14) 15. b4 Ncxe4 16. fxe4 (16. Ngxe4 $16 Nxe4 17. fxe4) 16... Nxg4 17. Bd2 f5 18. exf5 $2 (18. h3 $14 {stays ahead.} Nh6 19. Qd3) 18... Qa7 19. O-O-O gxf5 20. Nh5 Rb7 $11 21. Nxg7 Rxg7 22. Be2 f4 23. Rhg1 Bf5 24. Bd3 Bxd3 25. Qxd3 Nf2 26. Rxg7+ Qxg7 27. Qf3 Nxd1 28. Kxd1 Qg1+ 29. Kc2 h5 30. Qxh5 Qg2 31. Qh6 f3 32. Qe6+ Rf7 33. Ne4 f2 34. Nf6+ Kg7 35. Nh5+ Kh8 36. Qh6+ Kg8 37. Ng3 f1=Q 38. Nxf1 Rxf1 39. Qe6+ Rf7 40. Qxd6 Qe4+ 41. Kb2 Qd4+ 42. Kc2 Qe4+ 43. Kb2 Qg2 44. Kc2 Qxh2 45. Qe6 Qh7+ 46. Kb2 Qf5 47. Qxa6 Qd3 48. Qc8+ Kh7 49. Qc2 Qxc2+ 50. Kxc2 Rd7 51. Bc3 Rxd5 52. Kb3 Rd3 53. Kc2 e4 0-1